 Dungeon Crawl Stone Soup version 0.23-a0-644-gb60d84b (webtiles) character file.

47873 Borgoz the Cleaver (level 14, -6/126 HPs)
             Began as a Ghoul Abyssal Knight on Jan 1, 2019.
             Was the Champion of Lugonu.
             Mangled by an elephant (12 damage)
             ... on level 6 of the Lair of Beasts.
             The game lasted 00:57:08 (18509 turns).

Borgoz the Cleaver (Ghoul Abyssal Knight)          Turns: 18509, Time: 00:57:08

Health: -6/126     AC: 13    Str: 17    XL:     14   Next: 43%
Magic:  19/19      EV: 17    Int: 11    God:    Lugonu [******]
Gold:   969        SH:  3    Dex: 15    Spells: 13/13 levels left

rFire    x . .     SeeInvis .   a - +2 battleaxe (venom)
rCold    + + .     Gourm    .   (shield currently unavailable)
rNeg     + + +     Faith    .   y - +5 ring mail of Minor Irritation {rN++ Dex+3}
rPois    ∞         Spirit   .   (no helmet)
rElec    .         Reflect  +   (no cloak)
rCorr    .         Harm     .   (no gloves)
MR       +....                  G - +0 pair of boots {run}
Stlth    +.........             t - +3 amulet of reflection
HPRegen  0.00/turn              j - +4 ring of intelligence
MPRegen  0.16/turn              k - ring of ice

@: barbed spikes, rotting, quick
A: rotting body, claws 1, carnivore, cold resistance 1, negative energy
resistance 3, inhibited regeneration, torment resistance, unbreathing
a: Depart the Abyss, Bend Space, Banish, Corrupt, Enter the Abyss, Brand Weapon
With Distortion, Renounce Religion


You were on level 6 of the Lair of Beasts.
You worshipped Lugonu.
Lugonu was exalted by your worship.
You were not hungry.

You visited 4 branches of the dungeon, and saw 20 of its levels.
You visited the Abyss 1 time.
You also visited: Volcano.

You collected 1287 gold pieces.
You spent 318 gold pieces at shops.

Inventory:

Hand Weapons
 a - a +2 battleaxe of venom (weapon)
 b - a +2 dire flail of draining
 m - a +3 demon trident of draining
 J - a +4 battleaxe of flaming
Missiles
 A - 19 tomahawks (quivered)
 F - 2 throwing nets
Armour
 f - a +1 ring mail of fire resistance
 y - the +5 ring mail of Minor Irritation (worn) {rN++ Dex+3}
   (You bought it in a shop on level 6 of the Dungeon)

   It affects your dexterity (+3).
   It greatly protects you from negative energy.
 G - a +0 pair of boots of running (worn)
 H - a +2 chain mail of fire resistance
Jewellery
 j - a +4 ring of intelligence (left claw)
 k - a ring of ice (right claw)
 t - a +3 amulet of reflection (around neck)
 C - an uncursed ring of protection from cold
Wands
 h - a wand of flame (32)
 v - a wand of disintegration (13)
Scrolls
 d - 6 scrolls of remove curse
 e - a scroll of holy word {unknown}
 g - 5 scrolls of teleportation
 i - a scroll of fear
 n - 3 scrolls of identify
 o - a scroll of enchant armour {unknown}
 E - 3 scrolls of enchant weapon
Potions
 w - 3 potions of flight
Comestibles
 c - 28 rations


   Skills:
 + Level 12.0 Fighting
 * Level 13.6 Axes
 + Level 10.0 Armour
 + Level 10.0 Dodging
 + Level 8.3 Invocations


You had 13 spell levels left.
You didn't know any spells.
Your spell library contained the following spells:

 Spells                   Type           Power        Failure   Level  Hunger
 Infusion                 Chrm           #...         50%         1    ##.....
 Shock                    Conj/Air       #...         50%         1    ##.....
 Passwall                 Tmut/Erth      #.......     65%         2    ###....
 Searing Ray              Conj           #.....       65%         2    ###....
 Shroud of Golubria       Chrm/Tloc      #.........   65%         2    ###....
 Swiftness                Chrm/Air       #.......     65%         2    ###....
 Dazzling Spray           Conj/Hex       #.....       86%         3    ####...
 Static Discharge         Conj/Air       #.......     86%         3    ####...
 Airstrike                Air            #.........   99%         4    #####..
 Cause Fear               Hex            #.........   99%         4    #####..
 Summon Ice Beast         Ice/Summ       #.......     99%         4    #####..
 Excruciating Wounds      Chrm/Necr      #.........   100%        5    ######.
 Lightning Bolt           Conj/Air       #.........   100%        5    ######.
 Silence                  Hex/Air        #.........   100%        5    ######.
 Yara's Violent Unravell  Hex/Tmut       #.........   100%        5    ######.
 Deflect Missiles         Chrm/Air       #.........   100%        6    #######
 Shadow Creatures         Summ           N/A          100%        6    #######
 Discord                  Hex            #.........   100%        8    #######


Dungeon Overview and Level Annotations

Branches:
Dungeon (11/15)            Temple (0/1) D:7            Lair (6/6) D:9
  Swamp (0/4) Lair:2       Spider (1/4) Lair:4        Slime (0/5) Lair:6
    Orc (2/2) D:9
    Elf: Orc:2

Altars:
Elyvilon
Fedhas
Gozag
Hepliaklqana
Okawaru
Sif Muna
Wu Jian
Xom

Shops:
D:4 *   D:6 (*[(   D:7 [[}   D:8 (   D:10 [[(   Orc:1 =

Annotations:
Lair:6 3 runed doors, exclusion: 4 oklob plants


Innate Abilities, Weirdness & Mutations

Your body is rotting away.
You thrive on raw meat.
You are immune to poison.
You have sharp fingernails.
You are carnivorous and can eat meat at any time.
Your flesh is cold resistant. (rC+)
You are immune to negative energy. (rN+++)
You do not regenerate when monsters are visible.
You are immune to unholy pain and torment.
You can survive without breathing.


Message History

The manticore flicks its tail.
The volley of spikes hits you!
The barbed spikes become lodged in your body.
* * * LOW HITPOINT WARNING * * *
The barbs in your skin will harm you if you move.
Continue?
Okay, then.
You hit the elephant but do no damage.
The elephant is lightly wounded.
You hit the elephant but do no damage.
The elephant is poisoned.
The elephant barely misses you. The elephant misses you.
You hit the elephant.
The elephant is poisoned.
The elephant is lightly wounded.
You hit the elephant but do no damage.
The elephant looks as sick as possible!
You hit the elephant but do no damage.
The elephant is poisoned.
The elephant barely misses you. x2; The elephant tramples you!
* * * LOW HITPOINT WARNING * * *
You hold your ground!
The elephant trunk-slaps you but does no damage.
The elephant tramples you!
You die...

#P$..$# ###...$.# #######
#.#PP..P##
###P##.P####.......#
#....#..............
##....÷...........<..
#...H(÷..†...........
###..YY÷.####..P.....P
#....@YY## #####..###
####....#### ##..##
##.#.....#### #...#
#.#.......#P# #...#
###...........##### #.†##
#.#...P##....P#.#.######†...
###÷....####.÷...............
##.....### ##................
#......# #.#...............


You could see 4 elephants and a manticore.

Vanquished Creatures
  Kirke (Lair:5)
  Nessos (Lair:4)
  Josephine (Lair:5)
  Harold (D:8)
  5 hydras
  A dancing weapon (Volcano)
  Urug (Lair:3)
  2 sea snakes (Lair:6)
  An unseen horror (D:10)
  5 wizards (Volcano)
  Pikel (D:7)
  A harpy (Lair:6)
  A lindwurm (Lair:2)
  A cyclops (D:11)
  5 toenail golems (Volcano)
  5 elephants
  3 black mambas
  15 spiny frogs
  A gargoyle (D:11)
  4 rime drakes
  8 komodo dragons
  A demonic crawler (Lair:4)
  A jumping spider (Lair:4)
  A polar bear (Lair:6)
  2 wind drakes (Lair:6)
  4 blink frogs (Lair:5)
  2 hornets
  2 tyrant leeches (Lair:2)
  8 hippogriffs
  A meliai zombie (D:10)
  A shadow (D:11)
  A wyvern (Lair:6)
  42 yaks
  6 basilisks
  6 hogs (Lair:5)
  5 wraiths (Lair:5)
  A hungry ghost (D:10)
  A warg (Orc:1)
  Edmund (D:5)
  9 water moccasins
  4 porcupines
  4 sky beasts
  16 orc warriors
  3 ice beasts
  A black bear (D:8)
  2 phantoms
  A necrophage (D:11)
  2 slaves (D:7)
  9 ogres
  2 centaurs (D:10)
  8 crocodiles
  2 big kobolds
  Blork the orc (D:5)
  11 bullfrogs
  A wyvern zombie (D:9)
  A scorpion (D:6)
  14 killer bees
  4 electric eels
  6 howler monkeys
  4 crimson imps
  14 orc priests
  2 hounds
  6 jellies
  11 orc wizards
  6 iguanas
  5 worker ants
  2 hound zombies
  3 hound skeletons
  A worker ant zombie (D:10)
  10 adders
  7 gnolls
  10 shadow imps
  3 oozes
  2 worms
  An adder skeleton (D:6)
  4 dart slugs
  53 orcs
  6 giant cockroaches
  9 hobgoblins
  9 jackals
  12 kobolds
  5 quokkas
  4 ball pythons
  7 bats
  5 frilled lizards
  6 goblins
  A quokka skeleton (D:6)
  7 rats
  5 fungi
  5 plants
476 creatures vanquished.

Vanquished Creatures (others)
  A hydra (Lair:1)
  An orc wizard (D:7)
  An adder zombie (D:7)
  A quokka (D:8)
  A bush (Lair:5)
  10 fungi
  30 plants
45 creatures vanquished.

Grand Total: 521 creatures vanquished

Notes
Turn   | Place    | Note
-------+----------+-------------------------------------------
     0 | Abyss:1  | Borgoz the Ghoul Abyssal Knight began the quest for the
                  | Orb.
     0 | Abyss:1  | Reached XP level 1. HP: 19/19 MP: 1/1
     9 | Abyss:2  | Found a corrupted altar of Lugonu.
    89 | Abyss:2  | Noticed a large abomination
   118 | Abyss:2  | Noticed a quasit
   120 | D:1      | Escaped the Abyss
   304 | D:1      | Reached skill level 1 in Dodging
   334 | D:1      | Reached skill level 2 in Axes
   391 | D:1      | Reached XP level 2. HP: 26/26 MP: 2/2
   609 | D:1      | Reached * piety under Lugonu
   629 | D:1      | Reached XP level 3. HP: 31/31 MP: 3/3
  1830 | D:2      | Reached XP level 4. HP: 20/40 MP: 4/4
  2124 | D:3      | Reached skill level 3 in Axes
  2221 | D:3      | Reached ** piety under Lugonu
  2241 | D:3      | Reached XP level 5. HP: 17/46 MP: 5/5
  2923 | D:4      | Found Miurydoc's General Store.
  2926 | D:4      | Bought a scroll of teleportation for 30 gold pieces
  2967 | D:5      | Entered Level 5 of the Dungeon
  3024 | D:5      | Noticed a phantom
  3108 | D:5      | Killed a phantom
  3108 | D:5      | Reached XP level 6. HP: 28/53 MP: 6/6
  3172 | D:5      | Noticed Edmund
  3223 | D:5      | Killed Edmund
  3223 | D:5      | Reached skill level 4 in Axes
  3409 | D:5      | Reached XP level 7. HP: 60/60 MP: 7/7
  3827 | D:5      | Found an iron altar of Okawaru.
  3920 | D:5      | Noticed Blork the orc
  3945 | D:5      | Killed Blork the orc
  3945 | D:5      | Reached skill level 5 in Fighting
  4051 | D:6      | Reached skill level 5 in Axes
  4097 | D:6      | Found Katodeh's General Store.
  4202 | D:6      | Found Witaloel's Weapon Boutique.
  4232 | D:6      | Identified Potemoph's Reference Book on the Harmful
                  | Entourage
  4295 | D:6      | Found Kazuluymn's Weapon Shoppe.
  4520 | D:6      | Reached XP level 8. HP: 46/68 MP: 8/8
  4527 | D:6      | Reached *** piety under Lugonu
  4720 | D:6      | Found Teufy's Antique Armour Emporium.
  4727 | D:6      | Bought a spiked ring mail for 288 gold pieces
  4739 | D:6      | Identified the +5 ring mail of Minor Irritation {rN++
                  | Dex+3} (You bought it in a shop on level 6 of the Dungeon)
  5066 | D:7      | Found Etisaw's Armour Emporium.
  5114 | D:7      | Noticed Pikel
  5126 | D:7      | Killed Pikel
  5126 | D:7      | Reached skill level 6 in Axes
  5168 | D:7      | Reached XP level 9. HP: 62/75 MP: 9/9
  5235 | D:7      | Reached skill level 7 in Axes
  5235 | D:7      | Reached skill level 5 in Armour
  5238 | D:7      | Found Ceneu's Gadget Shop.
  5264 | D:7      | Found an ornate altar of the Wu Jian Council.
  5401 | D:7      | Reached skill level 5 in Dodging
  5543 | D:7      | Found a staircase to the Ecumenical Temple.
  5568 | D:7      | Found a shimmering altar of Xom.
  5569 | D:7      | Found a hazy altar of Hepliaklqana.
  5569 | D:7      | Noticed a death ooze
  5570 | D:7      | Noticed a spectral ugly thing
  5570 | D:7      | Noticed a death ooze
  5572 | D:7      | Identified the Papyrus of the Helpful Mountains
  5648 | D:7      | Found Qeqep's Armour Boutique.
  5804 | D:8      | Found a blossoming altar of Fedhas.
  5804 | D:8      | Noticed Harold
  5833 | D:8      | Killed Harold
  5833 | D:8      | Reached skill level 8 in Axes
  5833 | D:8      | Reached XP level 10. HP: 45/86 MP: 10/10
  6088 | D:8      | Found Tetes's Weapon Boutique.
  6157 | D:8      | Reached **** piety under Lugonu
  6204 | D:8      | Found a white marble altar of Elyvilon.
  6404 | D:8      | Found a deep blue altar of Sif Muna.
  6404 | D:8      | Found an opulent altar of Gozag.
  6562 | D:10     | Entered Level 10 of the Dungeon
  7146 | D:9      | Reached skill level 9 in Axes
  7509 | D:9      | Found a staircase to the Lair.
  7840 | D:9      | Found a staircase to the Orcish Mines.
  7992 | Orc:1    | Entered Level 1 of the Orcish Mines
  8201 | D:9      | Reached XP level 11. HP: 51/94 MP: 11/11
  8487 | Orc:1    | Found Kopt's Jewellery Boutique.
  8513 | Orc:2    | Entered Level 2 of the Orcish Mines
  8540 | Orc:1    | Reached ***** piety under Lugonu
  8607 | Orc:1    | Reached skill level 10 in Axes
  8797 | Orc:1    | Noticed an orc warlord
  8806 | Orc:1    | Noticed an orc sorcerer
  9612 | D:10     | Killed an unseen horror
  9801 | D:10     | Found Nesyfretz's Book Shop.
  9803 | D:10     | Found Hoselyg's Weapon Shop.
  9803 | D:10     | Found Zugh's Armour Shop.
  9805 | D:10     | Found Setim's Armour Shop.
 10430 | D:11     | Noticed a cyclops
 10441 | D:11     | Killed a cyclops
 10591 | D:11     | Noticed a death knight
 10596 | D:11     | Noticed a skeletal warrior
 10745 | Lair:1   | Entered Level 1 of the Lair of Beasts
 10778 | Lair:1   | Reached skill level 11 in Axes
 10797 | Lair:1   | Reached XP level 12. HP: 50/106 MP: 13/13
 10987 | Lair:1   | Reached ****** piety under Lugonu
 11000 | Lair:1   | Reached skill level 10 in Fighting
 11099 | Lair:1   | Noticed a six-headed hydra
 11103 | Lair:1   | Banished a six-headed hydra
 11603 | Lair:2   | Found a dark tunnel.
 11652 | Volcano  | Entered a volcano
 11743 | Volcano  | Reached skill level 5 in Invocations
 11946 | Volcano  | Reached skill level 12 in Axes
 12181 | Lair:1   | Identified a +0 pair of boots of running (You found it in a
                  | volcano)
 12753 | Lair:2   | Found a staircase to the Swamp.
 13278 | Lair:3   | Noticed Urug
 13288 | Lair:3   | Reached XP level 13. HP: 73/113 MP: 16/16
 13300 | Lair:3   | Killed Urug
 14419 | Lair:4   | Found a hole to the Spider Nest.
 14451 | Spider:1 | Entered Level 1 of the Spider Nest
 14720 | Lair:4   | Noticed Nessos
 14733 | Lair:4   | Killed Nessos
 15640 | Lair:5   | Noticed Josephine
 15651 | Lair:5   | Killed Josephine
 16218 | Lair:6   | Entered Level 6 of the Lair of Beasts
 16353 | Lair:5   | Noticed Kirke
 16367 | Lair:5   | Reached skill level 13 in Axes
 16377 | Lair:5   | Killed Kirke
 17297 | Lair:6   | Reached XP level 14. HP: 95/123 MP: 18/18
 17329 | Lair:6   | Found a runed gate.
 17331 | Lair:6   | Found a runed gate.
 17332 | Lair:6   | Found a runed gate.
 18264 | Lair:6   | Found a staircase to the Slime Pits.
 18385 | Lair:6   | Reached skill level 10 in Armour
 18386 | Lair:6   | HP: 5/125 [two-headed hydra (8)]
 18386 | Lair:6   | HP: 2/125 [two-headed hydra (3)]
 18480 | Lair:6   | Reached skill level 10 in Dodging
 18500 | Lair:6   | HP: 6/126 [elephant (8)]
 18502 | Lair:6   | HP: 1/126 [elephant (5)]
 18509 | Lair:6   | HP: 6/126 [elephant (11)]
 18509 | Lair:6   | Mangled by an elephant

Vault maps used:
D:1:      shiori_arrival_elements
D:2:      kennysheep_generic_room_4
D:3:      first_ration
D:4:      serial_shops, nicolae_shop_trees, shop, shop, shop_scrolls,
          uniq_grinder
D:5:      marbit_many_paths, grunt_ministairs_8, uniq_blork_the_orc, uniq_edmund
D:6:      serial_shops, nicolae_shop_crystal, shop, shop,
          nicolae_shop_temple_entry_statues_fountains
D:7:      regret_index_temple_of_mockery, old_standard_altar, temple_pool_b,
          serial_shops, shop, shop_fountains, nicolae_shop_crystal,
          minmay_crystal_room, corexii_leaking_fountain, grunt_ogre_cave,
          uniq_pikel
D:8:      gammafunk_temple_overflow_statue, basic_altar, serial_shops,
          nicolae_shop_behind_doors, elyvilon_altar_4, uniq_harold
D:9:      lair_entry_dummy, erik_orc_2, kennysheep_generic_room_12
D:10:     st_stairs_10, minmay_shop_grid_forest
Lair:1:   chequers_serial_rivers_micro_d, lemuel_fruit_tree,
          infiniplex_staircase_pool_2, serial_bayou_shore_a
Lair:2:   minmay_swamp_entry_worms, nicolae_volcano_entry_vermiform
Lair:3:   grunt_megastairs_1, uniq_urug
Lair:4:   dummy_spider_entry, grunt_megastairs_4, uniq_nessos
Lair:5:   serial_bayou_shore_b, grunt_megastairs_2, uniq_kirke, uniq_josephine
Lair:6:   gammafunk_lair_ancient_temple, nicolae_slime_entry_slimehenge,
          maelrawn_ghost_gauntlet_escape, minmay_lair_oklob_chamber
Spider:1: hive_lemuel
Orc:1:    serial_shops, shop, ebering_ghost_gozag, rock_pile
Orc:2:    kennysheep_orc_mage_school, serial_shops, shop,
          nicolae_shop_window_shopping, nicolae_shop_stone, shop, basic_altar,
          uniq_donald, uniq_sonja
Abyss:2:  hangedman_decor_riveting
Volcano:  volcano_bunker

Skill      XL: |  1  2  3  4  5  6  7  8  9 10 11 12 13 14 |
---------------+-------------------------------------------+-----
Dodging        | 1 2 3 4 5 6 7 8 9 10 | 10.0
Axes           | 2 3 4 5 6 8 9 11 12 13 | 13.6
Armour         | 2 3 4 5 6 7 8 9 10 | 10.0
Fighting       | 4 5 6 7 8 9 10 11 12 | 12.0
Invocations    | 3 5 7 8 |  8.3

Action                   |  1- 3 |  4- 6 |  7- 9 | 10-12 | 13-15 || total
-------------------------+-------+-------+-------+-------+-------++-------
Melee: War axe           |    70 |       |       |       |       ||    70
       Battleaxe         |    42 |   119 |   203 |   679 |   474 ||  1517
Throw: Tomahawk          |       |       |       |    16 |       ||    16
       Throwing net      |       |       |       |     2 |       ||     2
Invok: Depart the Abyss  |     1 |       |       |       |       ||     1
       Banish            |       |       |       |     2 |       ||     2
Evoke: Wand              |       |       |     4 |     3 |       ||     7
  Use: Scroll            |     1 |     9 |     5 |     6 |     5 ||    26
       Potion            |       |     1 |     3 |     9 |     8 ||    21
  Eat: Chunk             |    11 |    12 |    14 |    86 |   109 ||   232
Armor: Scale mail        |    80 |    71 |    38 |       |       ||   189
       Ring mail         |       |       |    39 |   290 |   199 ||   528
       Robe              |       |       |       |     4 |       ||     4
Dodge: Dodged            |    69 |    91 |   123 |   571 |   442 ||  1296
Block: Other             |       |       |    18 |    74 |    58 ||   150
       Reflection        |       |       |     1 |       |       ||     1

Table legend:
 A = Non-vault XP
 B = Vault XP
 C = Vault XP percentage of total XP
 D = Non-vault monster count
 E = Vault monster count
 F = Vault count percentage of total count
                 A         B        C        D         E       F
            +---------+---------+-------+---------+---------+-------
      Total |   39598 |   28793 |  42.1 |     370 |      95 |  20.4
            +---------+---------+-------+---------+---------+-------
        D:1 |      43 |       0 |   0.0 |      23 |       0 |   0.0
        D:2 |      58 |       0 |   0.0 |      18 |       0 |   0.0
        D:3 |      79 |       0 |   0.0 |      29 |       0 |   0.0
        D:4 |      55 |       0 |   0.0 |       3 |       0 |   0.0
        D:5 |     450 |     263 |  36.9 |      11 |       3 |  21.4
        D:6 |     600 |       0 |   0.0 |      23 |       0 |   0.0
        D:7 |    1157 |     795 |  40.7 |      21 |       2 |   8.7
        D:8 |    1420 |    1039 |  42.3 |      20 |       1 |   4.8
        D:9 |    1696 |     906 |  34.8 |      25 |      22 |  46.8
       D:10 |    4976 |      35 |   0.7 |      44 |       2 |   4.3
       D:11 |    1931 |       0 |   0.0 |      17 |       0 |   0.0
     Lair:1 |    5488 |       0 |   0.0 |      24 |       0 |   0.0
     Lair:2 |    1135 |    1146 |  50.2 |       6 |       3 |  33.3
     Lair:3 |    4481 |     835 |  15.7 |      13 |       1 |   7.1
     Lair:4 |    2205 |    1359 |  38.1 |       9 |       2 |  18.2
     Lair:5 |    6973 |    6324 |  47.6 |      29 |      17 |  37.0
     Lair:6 |    5226 |    9461 |  64.4 |      18 |      30 |  62.5
      Orc:1 |    1504 |       3 |   0.2 |      35 |       1 |   2.8
      Orc:2 |     121 |       0 |   0.0 |       2 |       0 |   0.0
    Volcano |       0 |    6627 | 100.0 |       0 |      11 | 100.0
            +---------+---------+-------+---------+---------+-------
